 Dungeon Crawl Stone Soup version 0.21-a0-221-gfe971b9 (webtiles) character file.

89 motkurip the Ducker (level 4, 0/31 HPs)
             Began as a Felid Chaos Knight on Aug 26, 2017.
             Succumbed to a worker ant's poison
             ... on level 4 of the Dungeon.
             The game lasted 00:06:24 (2284 turns).

motkurip the Ducker (Felid Chaos Knight)            Turns: 2284, Time: 00:06:25

Health: 0/31       AC: 22    Str: 13    XL:     4   Next: 31%
Magic:  5/5        EV:  4    Int: 13    God:    Xom [*.....]
Gold:   139        SH:  0    Dex: 16    Spells: 3/3 levels left
                                        Lives:  0   Deaths: 1

rFire    . . .     SeeInvis +     - Unarmed
rCold    . . .     Gourm    .   (shield unavailable)
rNeg     + + +     Faith    .   (armour unavailable)
rPois    +         Spirit   .   (helmet unavailable)
rElec    .         Reflect  .   (cloak unavailable)
rCorr    .         Harm     .   (gloves unavailable)
MR       .....     NoTele   +   (boots unavailable)
Stlth    ++........             k - amulet of magic regeneration
HPRegen  0.10/turn              g - +5 ring of evasion
MPRegen  0.34/turn              (no ring)

@: mighty, lethally poisoned (0 -> -2), tree-form, hasted, very quick
A: no armour, no weapons or thrown items, stealth, see invisible, carnivore 3,
slow metabolism 1
a: Renounce Religion


You were on level 4 of the Dungeon.
You worshipped Xom.
You were a special plaything of Xom.
You were completely stuffed.
You were a tree.
You visited 1 branch of the dungeon, and saw 4 of its levels.

You collected 139 gold pieces.

Inventory:

Jewellery
 g - a +5 ring of evasion (left branch)
 k - an amulet of magic regeneration (around neck)
Scrolls
 b - 3 scrolls of identify
 c - a scroll of noise
 e - a scroll of fear
 f - a scroll of magic mapping
 i - 3 scrolls of remove curse
 j - a scroll of amnesia {unknown}
 m - a scroll of immolation {unknown}
 q - 2 scrolls of enchant armour
Potions
 d - 2 potions of lignification
Miscellaneous
 r - a lamp of fire
Comestibles
 a - 3 meat rations
 p - 3 chunks of flesh


   Skills:
 - Level 3.0 Fighting
 * Level 6.1 Dodging
 + Level 2.7 Stealth
 + Level 3.6 Unarmed Combat


You had 3 spell levels left.
You didn't know any spells.

Dungeon Overview and Level Annotations

Branches:
Dungeon (4/15)
 Temple: D:4-7

Altars:

Annotations:
D:3 Grinder


Innate Abilities, Weirdness & Mutations

You cannot wear armour.
You are incapable of wielding weapons or throwing items.
Your paws allow you to move quietly. (Stealth)
((You have sharp claws.))
((You have razor-sharp teeth.))
You have supernaturally acute eyesight. (SInv)
You are carnivorous and can eat meat at any time.
((You cover ground quickly.))
((You are covered in fur. (AC +1)))
You have a slow metabolism.
((Your sharp claws are effective at attacking unaware monsters.))


Message History

You smack the worker ant!
You kill the worker ant!
Your Dodging skill increases to level 6!
Welcome back to level 4!
Okay, then.
* * * LOW HITPOINT WARNING * * *
You feel sick.
There is a lethal amount of poison in your body!
There is a lethal amount of poison in your body!
There is a lethal amount of poison in your body!
* * * LOW HITPOINT WARNING * * *
You feel sick.
* * * LOW HITPOINT WARNING * * *
You feel sick.
* * * LOW HITPOINT WARNING * * *
You feel sick.
* * * LOW HITPOINT WARNING * * *
You feel sick.
You die...
Xom chuckles heartily!

#. .# #. ! .##.
... #.. #.#
###.###.####?#.#
.......<.♣†....#
.$...........###
###..$.......#
############


There were no monsters in sight!

Vanquished Creatures
  An orc wizard (D:3)
  Jessica (D:3)
  A worker ant (D:4)
  An adder (D:2)
  An ooze (D:3)
  2 worms
  3 dart slugs
  A leopard gecko (D:1)
  2 orcs (D:3)
  A giant cockroach (D:3)
  4 goblins
  6 hobgoblins
  A quokka (D:2)
  8 bats
  3 frilled lizards
  4 kobolds
  6 rats
46 creatures vanquished.

Vanquished Creatures (collateral kills)
  An orc (D:3)
1 creature vanquished.

Vanquished Creatures (others)
  A fire vortex (D:3)
1 creature vanquished.

Grand Total: 48 creatures vanquished

Notes
Turn   | Place    | Note
-------+----------+-------------------------------------------
     0 | D:1      | motkurip the Felid Chaos Knight began the quest for the Orb.
     0 | D:1      | Reached XP level 1. HP: 10/10 MP: 2/2
   101 | D:1      | Reached XP level 2. HP: 10/14 MP: 3/3
   115 | D:1      | Reached skill level 4 in Dodging
   122 | D:1      | XOM: silly message
   731 | D:2      | XOM: cleaving
   746 | D:2      | Reached XP level 3. HP: 17/17 MP: 4/4
  1098 | D:2      | Reached skill level 5 in Dodging
  1216 | D:2      | Reached skill level 1 in Stealth
  1515 | D:3      | Noticed Jessica
  1519 | D:3      | Killed Jessica
  1519 | D:3      | Reached XP level 4. HP: 21/21 MP: 5/5
  1539 | D:3      | Noticed Grinder
  1552 | D:3      | XOM: 6-stop teleportation journey
  1896 | D:2      | XOM is BORED!
  1896 | D:2      | XOM: swap monsters
  1954 | D:3      | XOM: enchant monster (good)
  1957 | D:3      | XOM: enchant monster (good)
  1989 | D:3      | XOM: confuse monster(s)
  2091 | D:3      | XOM: mild Fire miscast
  2092 | D:3      | Slain by a fire vortex
  2093 | D:3      | Reached XP level 3. HP: -2/17 MP: 4/4
  2163 | D:3      | Found a faded altar of an unknown god.
  2221 | D:3      | XOM: god gift: lamp of fire
  2262 | D:4      | Reached skill level 6 in Dodging
  2262 | D:4      | Reached XP level 4. HP: 4/21 MP: 5/5
  2274 | D:4      | HP: 1/31 [poisoned by a worker ant]
  2279 | D:4      | HP: 1/31 [poisoned by a worker ant]
  2284 | D:4      | Succumbed to a worker ant's poison

Vault maps used:
D:1:      lightli_iron_boxes, columned_hall_lemuel, minmay_tetromino_s4
D:2:      first_bread, minmay_misc_feat_five
D:3:      chequers_ecumenical_altar_simple, uniq_grinder, uniq_jessica
D:4:      serial_shops, nicolae_shop_waterfront, gup_sewer_entry_bubbles,
          uniq_blork_the_orc

Skill      XL: |  1  2  3  4 |
---------------+-------------+-----
Dodging        | 4 6 |  6.1
Stealth        | 1 2 |  2.7
Fighting       | |  3.0
Unarmed Combat | |  3.6

Action                   |  1- 3 |  4- 6 || total
-------------------------+-------+-------++-------
Melee: Unarmed           |    89 |    49 ||   138
       Bite              |     2 |     5 ||     7
       Punch             |       |     1 ||     1
  Use: Scroll            |     5 |       ||     5
       Potion            |     5 |       ||     5
 Stab: Sleeping          |     8 |     1 ||     9
       Distracted        |     1 |       ||     1
       Confused          |       |     2 ||     2
  Eat: Chunk             |    14 |     1 ||    15
Armor: Skin              |     6 |     1 ||     7
Dodge: Dodged            |    76 |    37 ||   113

Table legend:
 A = Spawn XP
 B = Non-spawn XP
 C = Spawn XP percentage of total XP
 D = Spawn monster count
 E = Non-spawn monster count
 F = Spawn count percentage of total count
 G = Total turns spent on level
                    A         B        C        D         E        F      G
               +---------+---------+-------+---------+---------+-------+---------
         Total |       9 |     207 |   4.2 |       4 |      43 |   8.5 |  2284
               +---------+---------+-------+---------+---------+-------+---------
           D:1 |       7 |      26 |  21.2 |       3 |      13 |  18.8 |   923
           D:2 |       2 |      40 |   4.8 |       1 |      15 |   6.2 |   947
           D:3 |       0 |     107 |   0.0 |       0 |      14 |   0.0 |   371
           D:4 |       0 |      34 |   0.0 |       0 |       1 |   0.0 |    43
               +---------+---------+-------+---------+---------+-------+---------
